 Dungeon Crawl Stone Soup version 0.27-a0-1202-ge72e49191c (webtiles) character file.

Game seed: 7843725573136781740

197 ZappyNine the Skirmisher (level 6, -2/47 HPs)
             Began as a Djinni Warper on June 4, 2021.
             Slain by a black bear (3 damage)
             ... on level 4 of the Dungeon.
             The game lasted 00:03:49 (4272 turns).

ZappyNine the Skirmisher (Djinni Warper)            Turns: 4272, Time: 00:03:49

Health: -2/47      AC:  3    Str: 10    XL:     6   Next: 5%
Gold:   154        EV: 12    Int: 16    God:
                   SH:  0    Dex: 13

rFire    + + .     SeeInvis .   m - staff of poison
rCold    x . .     Faith    .   (no shield)
rNeg     + . .     Spirit   .   b - +0 leather armour
rPois    ∞         Reflect  .   (no helmet)
rElec    .         Harm     .   (no cloak)
rCorr    .         Rampage  .   (no gloves)
Will     .....                  (boots unavailable)
Stlth    +.........             (no amulet)
HPRegen  0.15/turn              l - ring of positive energy
MPRegen  0.00/turn              (no ring)

@: flying, very slightly contaminated
A: sickness immunity, fire resistance 2, cold vulnerability 1, float, innate
caster, hp casting, extra vitality 1
a: no special abilities


You were on level 4 of the Dungeon.
You visited 1 branch of the dungeon, and saw 4 of its levels.

You collected 154 gold pieces.

Inventory:

Hand Weapons
 a - a +0 short sword
 h - a +1 short sword of electrocution
Missiles
 e - 5 boomerangs of dispersal (quivered)
 j - 4 boomerangs
Armour
 b - a +0 leather armour (worn)
Magical Staves
 m - a staff of poison (weapon)
Jewellery
 l - a ring of positive energy (left hand)
Scrolls
 d - 2 scrolls of blinking
 g - 2 scrolls of teleportation
Potions
 c - 2 potions of lignification {unknown}
 f - a potion of curing {unknown}
 i - 2 potions of brilliance {unknown}
 k - a potion of might {unknown}


   Skills:
 + Level 4.2 Fighting
 - Level 1.7 Short Blades
 - Level 0.7 Throwing
 - Level 1.0 Armour
 - Level 2.3 Dodging
 + Level 3.8 Spellcasting


You couldn't memorise any spells.
You knew the following spells:

 Your Spells              Type           Power      Damage    Failure   Level
a - Blink                 Tloc           N/A        N/A       8%          2
b - Lesser Beckoning      Tloc           7%         N/A       14%         3
c - Gell's Gravitas       Tloc           7%         N/A       14%         3
d - Teleport Other        Tloc           15%        N/A       14%         3
e - Manifold Assault      Tloc           15%        N/A       80%         5
f - Summon Small Mammal   Summ           60%        N/A       4%          1
g - Poisonous Vapours     Pois/Air       46%        N/A       8%          2
Your spell library was empty.

Dungeon Overview and Level Annotations

Branches:
Dungeon (4/15)
 Temple: D:4-7

Altars:
Fedhas


Innate Abilities, Weirdness & Mutations

You are immune to sickness and miasma.
You are immune to poison.
Your flesh is very heat resistant. (rF++)
You are vulnerable to cold. (rC-)
You float through the air rather than walking.
You learn spells naturally, not from books.
Your magical power is your life essence.
You have superior vitality. (+4 HP)


Message History

Aim: a black bear (lightly wounded, very poisoned)
You feel a surge of power!
Poisonous vapours surround the black bear!
The black bear is engulfed in poison gas.
The black bear looks even sicker.
Casting: Poisonous Vapours (safe; 8% risk of failure)
Confirm with . or Enter, or press ? or * to list all spells.
You blink.
Unknown command.
The hobgoblin barely misses you.
The black bear goes berserk!
Casting: Blink (safe; 8% risk of failure)
Confirm with . or Enter, or press ? or * to list all spells.
Aiming: Poisonous Vapours (safe; 8% risk of failure)
Press: ? - help, Dir - move target, f/p - black bear
Aim: a black bear (severely wounded, berserk, very poisoned)
You feel a surge of power!
Poisonous vapours surround the black bear!
The black bear is engulfed in poison gas.
The black bear looks even sicker.
The black bear rages.
The hobgoblin hits you.
Casting: Poisonous Vapours (safe; 8% risk of failure)
Confirm with . or Enter, or press ? or * to list all spells.
You miscast Blink.
Nothing appears to happen.
The black bear rages.
The black bear bites you but does no damage.
The black bear barely misses you.
The black bear claws you but does no damage.
The hobgoblin hits you.
Casting: Blink (safe; 8% risk of failure)
Confirm with . or Enter, or press ? or * to list all spells.
You blink.
Unknown command.
The black bear bites you!
* * * LOW HITPOINT WARNING * * *
The black bear claws you.
* * * LOW HITPOINT WARNING * * *
The black bear claws you.
You die...

...## ....
..#. #.. ...
#.# #.# ....
####@# ....
#..h.# ...g.
#.§g.# .....
#....# ......
#....##......
###
#....#.......
...# #.....?#
...#....###
#.#....#


You could see a black bear (berserk, very poisoned) and a hobgoblin.

Vanquished Creatures
  A hound (D:3)
  An adder (D:3)
  2 worms
  2 dart slugs
  An orc (D:3)
  4 bats
  7 endoplasms
  2 giant cockroaches
  4 goblins
  6 hobgoblins
  6 jackals (D:1)
  3 quokkas (D:1)
  8 ball pythons
  2 frilled lizards (D:1)
  14 kobolds
  5 rats
68 creatures vanquished.

Vanquished Creatures (collateral kills)
  Purgy (D:3)
  An endoplasm (D:2)
  A kobold (D:2)
3 creatures vanquished.

Grand Total: 71 creatures vanquished

Notes
Turn   | Place    | Note
-------+----------+-------------------------------------------
     0 | D:1      | ZappyNine the Djinni Warper began the quest for the Orb.
     0 | D:1      | Reached XP level 1. HP: 18/18 MP: 0/0
    99 | D:1      | Reached XP level 2. HP: 5/23 MP: 0/0
   664 | D:1      | Reached XP level 3. HP: 17/29 MP: 0/0
   664 | D:1      | Learned a level 1 spell: Summon Small Mammal
  1790 | D:2      | Reached skill level 3 in Fighting
  1914 | D:2      | Reached XP level 4. HP: 33/35 MP: 0/0
  2000 | D:2      | Found a faded altar of an unknown god.
  3188 | D:3      | Noticed Purgy
  3202 | D:3      | Killed Purgy
  3203 | D:3      | Reached XP level 5. HP: 14/41 MP: 0/0
  3203 | D:3      | Learned a level 2 spell: Poisonous Vapours
  3722 | D:3      | Found a blossoming altar of Fedhas.
  3739 | D:3      | Reached skill level 4 in Fighting
  3739 | D:3      | Reached XP level 6. HP: 35/47 MP: 0/0
  4256 | D:4      | Noticed a black bear
  4272 | D:4      | HP: 1/47 [black bear (3)]
  4272 | D:4      | Slain by a black bear

Illustrated notes

Levels and vault maps discovered:
D:1:      nzn_arrival_water_spiral, layout_basic
D:2:      layout_loops_ring, ebering_ecumenical_altar_petrified
D:3:      layout_basic, fedhas_altar_1, uniq_purgy
D:4:      layout_rooms, lemuel_crystal_altar, minmay_vboxes

Skill      XL: |  1  2  3  4  5 |
---------------+----------------+-----
Spellcasting   | 3 |  3.8
Fighting       | 3 4 |  4.2
Short Blades   | |  1.7
Throwing       | |  0.7
Armour         | |  1.0
Dodging        | |  2.3

Action                   |  1- 3 |  4- 6 || total
-------------------------+-------+-------++-------
Melee: Short sword       |   148 |    65 ||   213
       Staff             |       |    10 ||    10
 Cast: Blink             |     1 |     5 ||     6
       Summon Small Mamm |       |     7 ||     7
       Poisonous Vapours |       |    19 ||    19
  Use: Scroll            |       |     2 ||     2
Armor: Leather armour    |    33 |    15 ||    48
Dodge: Dodged            |    90 |    54 ||   144

Table legend: (Time is in decaauts)
 A = Elapsed time spent in this place.
 B = Non-inter-level travel time spent in this place.
 C = Inter-level travel time spent in this place.
 D = Time resting spent in this place.
 E = Time spent auto-exploring this place.
 F = Levels seen in this place.
 G = Mean time per level.
                   A        B        C        D        E       F      G
               +--------+--------+--------+--------+--------+-----+--------+
         Total |   4275 |   4157 |    118 |   1124 |   2381 |   4 | 1068.8 |
       Dungeon |   4275 |   4157 |    118 |   1124 |   2381 |   4 | 1068.8 |
               +--------+--------+--------+--------+--------+-----+--------+

Top non-repeatable levels by time:
     D:1: 1839 daAuts
     D:3: 1340 daAuts
     D:2: 1061 daAuts
     D:4: 34 daAuts
